 Dungeon Crawl Stone Soup version 0.26-b1-32-g5d43845318 (webtiles) character file.

Game seed: 2847051922142362704

4263 Borgoz the Fighter (level 10, -3/88 HPs)
             Began as a Ghoul Gladiator on Jan 13, 2021.
             Was a Priest of Okawaru.
             Killed from afar by a white imp (6 damage)
             ... with a puff of frost
             ... summoned by a kobold demonologist
             ... on level 6 of the Dungeon.
             The game lasted 00:09:18 (7722 turns).

Borgoz the Fighter (Ghoul Gladiator)                Turns: 7722, Time: 00:09:18

Health: -3/88      AC:  2    Str: 32    XL:     10   Next: 31%
Magic:  12/12      EV: 15    Int:  7    God:    Okawaru [***...]
Gold:   383        SH:  5    Dex: 12    Spells: 6/9 levels left

rFire    . . .     SeeInvis .   a - +9 whip "Aselurgh" {flame, rElec Str+2 Int+4}
rCold    + . .     Faith    .   (no shield)
rNeg     + + +     Spirit   .   b - +1 leather armour
rPois    ∞         Reflect  +   n - +2 hat
rElec    +         Harm     .   (no cloak)
rCorr    .         Rampage  .   (no gloves)
Will     .....                  (no boots)
Stlth    +.........             s - amulet of reflection
HPRegen  0.00/turn              l - +6 ring of strength
MPRegen  0.13/turn              o - ring "Waoh" {AC+4 Str+4}

@: corroded, flying
A: claws 1, cold resistance 1, negative energy resistance 3, inhibited
regeneration, torment resistance, unbreathing
a: Renounce Religion, Heroism


You were on level 6 of the Dungeon.
You worshipped Okawaru.
Okawaru was most pleased with you.
You visited 2 branches of the dungeon, and saw 8 of its levels.

You collected 383 gold pieces.

Inventory:

Hand Weapons
 a - the +9 whip "Aselurgh" (weapon) {flame, rElec Str+2 Int+4}
   (You found it on level 4 of the Dungeon)

   It has been specially enchanted to burn those struck by it, causing extra
   injury to most foes and up to half again as much damage against particularly
   susceptible opponents.
   It affects your strength (+2).
   It affects your intelligence (+4).
   It insulates you from electricity.
Missiles
 d - 2 throwing nets (quivered)
Armour
 b - a +1 leather armour (worn)
 n - a +2 hat (worn)
 p - the +5 ring mail "Qougg" {+Inv rPois Will- Int-3}
   (You found it on level 4 of the Dungeon)

   It affects your intelligence (-3).
   It protects you from poison.
   It affects your willpower, your defense against some magical effects.
   It lets you turn invisible.
Jewellery
 l - a +6 ring of strength (left claw)
 o - the ring "Waoh" (right claw) {AC+4 Str+4}
   (You took it off an orc on level 4 of the Dungeon)

   [ring of protection]

   It affects your AC (+4).
   It affects your strength (+4).
 s - an amulet of reflection (around neck)
Wands
 c - a wand of flame (9)
 y - a wand of disintegration (14)
 z - a wand of iceblast (8)
 A - a wand of acid (15)
Scrolls
 i - 2 scrolls of remove curse
 k - a scroll of enchant armour
 m - 2 scrolls of enchant weapon
 q - 2 scrolls of fog
 w - a scroll of magic mapping
 x - 2 scrolls of teleportation
Potions
 e - 5 potions of curing
 f - a potion of invisibility
 g - 2 potions of heal wounds
 h - 2 potions of cancellation
 j - 2 potions of flight
 r - 2 potions of haste
 t - 2 potions of might {unknown}
 v - a potion of berserk rage {unknown}


   Skills:
 * Level 8.0 Fighting
 * Level 7.0 Maces & Flails
 - Level 1.7 Throwing
 * Level 6.4 Armour
 * Level 7.0 Dodging
 + Level 4.0 Invocations


You had 6 spell levels left.
You knew the following spells:

 Your Spells              Type           Power        Failure   Level
a - Confusing Touch       Hex            0%           83%         3

Your spell library contained the following spells:

 Spells                   Type           Power        Failure   Level
 Corona                   Hex            0%           45%         1
 Sandblast                Erth           0%           45%         1
 Summon Small Mammal      Summ           0%           45%         1
 Call Imp                 Summ           0%           58%         2
 Ensorcelled Hibernation  Hex/Ice        0%           58%         2
 Passwall                 Tmut/Erth      0%           58%         2
 Call Canine Familiar     Summ           0%           83%         3
 Dazzling Flash           Conj/Hex       0%           83%         3
 Stone Arrow              Conj/Erth      0%           83%         3
 Summon Guardian Golem    Hex/Summ       0%           83%         3
 Tukima's Dance           Hex            0%           83%         3
 Petrify                  Tmut/Erth      0%           99%         4
 Summon Ice Beast         Ice/Summ       0%           99%         4
 Summon Lightning Spire   Summ/Air       0%           99%         4
 Lee's Rapid Deconstruct  Erth           0%           100%        5


Dungeon Overview and Level Annotations

Branches:
Dungeon (7/15)             Temple (1/1) D:5

Altars:
Ashenzari
Cheibriados
Dithmenos
Fedhas
Gozag
Hepliaklqana
Kikubaaqudgha
Makhleb
Nemelex Xobeh
Okawaru
Qazlal
Ru
Sif Muna
Trog
Uskayaw
Wu Jian
Xom
Yredelemnul
Zin
The Shining One

Annotations:
D:6 1 transporter


Innate Abilities, Weirdness & Mutations

You thrive by killing the living.
You are immune to poison.
You have sharp fingernails.
Your flesh is cold resistant. (rC+)
You are immune to negative energy. (rN+++)
You do not regenerate when monsters are visible.
You are immune to unholy pain and torment.
You can survive without breathing.


Message History

The iron imp spits at you.
The orc priest hits you with a +0 flail.
The orc priest closely misses you. The shadow imp misses you.
The orc priest hits you with a +0 flail.
The orc priest barely misses you. The white imp gestures at you.
The puff of frost hits you. You resist.
The kobold demonologist begins to cast a cantrip, but forgets the words!
The orc priest barely misses you.
The orc priest invokes the aid of Beogh against you.
Beogh smites you!
* * * LOW HITPOINT WARNING * * *
The kobold demonologist gestures wildly while chanting.
The orc priest looks braver for a moment.
The orc priest mumbles some strange prayers to Beogh against you.
Beogh smites you!
* * * LOW HITPOINT WARNING * * *
The white imp gestures at you. The puff of frost hits you. You resist.
You die...

.....# #.#P.....P#.####..#....
.....# #.####'####.##.........
.....## #.#K≈.5.≈5#.##.........
......# #.#5≈534≈5#.##.........
......# #.#K≈45≈≈o#.####..#.###
##....# #.#.≈≈♣P≈o#.# #..#.# #
##.########.#o≈≈5≈≈.#.# #..#.###
##........#.#5≈...≈.#.# #..#.##.
#########.#.#.≈.@.≈.#.# #..#.##.
###.....#.#.####+####.####..#.##.
#.......#.#.#≈.?.(.≈#.#.....#.##.
#.........#.#8P$©$P8#.#.....#.##.
#......####.#########.#.....#....
#......# #.....©.....#.....#####
###'#### #####...#####.....#####
#.# #..## ##........# ###'####
##.## #....../!.


You could see a rust devil (summoned), 2 kobold demonologists, a chaos spawn
(summoned), an iron imp (summoned), 3 orc priests, a quasit (summoned), a white
imp (summoned) and 3 shadow imps.

Vanquished Creatures
  Pikel (D:6)
  A manticore (D:7)
  Sigmund (D:5)
  A black bear (D:7)
  3 orc warriors
  2 ice beasts (D:7)
  2 sky beasts
  3 phantoms
  4 ogres
  A centaur (D:6)
  4 bullfrogs
  3 scorpions
  3 killer bees (D:7)
  3 howler monkeys
  4 wights (D:6)
  A bullfrog zombie (D:7)
  5 hounds
  4 orc priests
  A bullfrog skeleton (D:4)
  A centaur skeleton (D:6)
  8 worker ants
  An iguana (D:6)
  3 orc wizards
  A hound zombie (D:7)
  A howler monkey zombie (D:5)
  A worker ant zombie (D:5)
  12 adders
  A howler monkey skeleton (D:6)
  A shadow imp (D:6)
  A white imp (D:6)
  5 ufetubi
  5 oozes
  2 adder zombies
  4 leopard geckos
  29 orcs
  9 giant cockroaches
  9 goblins
  7 hobgoblins
  16 jackals
  4 quokkas
  10 bats
  5 frilled lizards
  A jackal zombie (D:5)
  10 kobolds
  A leopard gecko zombie (D:7)
  9 rats
204 creatures vanquished.

Notes
Turn   | Place    | Note
-------+----------+-------------------------------------------
     0 | D:1      | Borgoz the Ghoul Gladiator began the quest for the Orb.
     0 | D:1      | Reached XP level 1. HP: 17/17 MP: 0/0
    45 | D:1      | Reached XP level 2. HP: 12/25 MP: 1/1
   794 | D:1      | Reached skill level 1 in Armour
   794 | D:1      | Reached XP level 3. HP: 30/30 MP: 2/2
  1509 | D:2      | Reached XP level 4. HP: 37/37 MP: 3/3
  1514 | D:2      | Reached skill level 3 in Fighting
  1820 | D:2      | Found an ornate altar of the Wu Jian Council.
  2139 | D:3      | Reached XP level 5. HP: 42/45 MP: 4/4
  2520 | D:3      | Reached XP level 6. HP: 49/52 MP: 5/5
  2996 | D:3      | Reached skill level 4 in Fighting
  3195 | D:4      | Identified the ring "Waoh" {AC+4 Str+4}
  3251 | D:4      | Found a hazy altar of Hepliaklqana.
  3329 | D:4      | Got a faintly humming ring mail
  3351 | D:4      | Identified the +5 ring mail "Qougg" {+Inv rPois Will-
                  | Int-3} (You found it on level 4 of the Dungeon)
  3351 | D:4      | Lost intelligence.
  3395 | D:4      | Reached XP level 7. HP: 60/60 MP: 6/6
  3400 | D:4      | Got a brightly glowing whip
  3401 | D:4      | Identified the +9 whip "Aselurgh" {flame, rElec Str+2
                  | Int+4} (You found it on level 4 of the Dungeon)
  4073 | D:5      | Entered Level 5 of the Dungeon
  4327 | D:5      | Reached skill level 5 in Fighting
  4335 | D:5      | Found a staircase to the Ecumenical Temple.
  4364 | D:5      | Reached XP level 8. HP: 63/68 MP: 7/7
  4411 | Temple   | Entered the Ecumenical Temple
  4418 | Temple   | Became a worshipper of Warmaster Okawaru
  4576 | D:5      | Noticed Sigmund
  4590 | D:5      | Killed Sigmund
  4591 | D:5      | Reached skill level 5 in Maces & Flails
  4691 | D:5      | Reached skill level 5 in Dodging
  4873 | D:5      | Found an ancient bone altar of Kikubaaqudgha.
  4931 | D:5      | Found a basalt altar of Yredelemnul.
  5072 | D:5      | Reached skill level 1 in Invocations
  5214 | D:6      | Reached * piety under Okawaru
  5216 | D:6      | Noticed Pikel
  5230 | D:6      | Killed Pikel
  5231 | D:6      | Reached skill level 6 in Fighting
  5231 | D:6      | Reached XP level 9. HP: 66/78 MP: 9/9
  5303 | D:6      | Reached skill level 5 in Armour
  5868 | D:6      | Found a transporter.
  5886 | D:6      | Found a transporter.
  5893 | D:6      | Noticed a kobold demonologist
  6070 | D:6      | Noticed a kobold demonologist
  6081 | D:6      | Reached skill level 7 in Fighting
  6243 | D:7      | Reached ** piety under Okawaru
  6447 | D:7      | Learned a level 3 spell: Confusing Touch
  6733 | D:7      | Noticed a manticore
  6737 | D:7      | Reached XP level 10. HP: 78/86 MP: 11/11
  6745 | D:7      | Killed a manticore
  6745 | D:7      | Reached *** piety under Okawaru
  6952 | D:7      | Found a glowing silver altar of Zin.
  7305 | D:7      | Reached skill level 8 in Fighting
  7486 | D:7      | Found a glowing golden altar of the Shining One.
  7494 | D:7      | Found an opulent altar of Gozag.
  7498 | D:7      | Found a shimmering altar of Xom.
  7713 | D:6      | Noticed a rust devil
  7718 | D:6      | Noticed a soul eater
  7722 | D:6      | HP: 3/88 [orc priest/divine providence (11)]
  7722 | D:6      | Killed from afar by a white imp

Illustrated notes

Levels and vault maps discovered:
D:1:      ncdulo_lavacross, layout_basic, minmay_pentomino_o4
D:2:      layout_basic, overflow_temple_1_default
D:3:      layout_basic
D:4:      layout_loops_cross, old_standard_altar, chequers_mini_garden,
          grunt_ministairs_2, corexii_corridor_pit
D:5:      layout_gridville, yredelemnul_altar_generic, kiku_gazebo_pond_becter,
          temple_pool_b, minmay_misc_feat_square, uniq_sigmund
D:6:      gammafunk_wand_slinger, layout_basic, uniq_pikel
D:7:      kennysheep_windowed_halls, layout_basic, minitemple,
          overflow_temple_1_default
Temple:   nicolae_temple_hex_pool

Skill      XL: |  1  2  3  4  5  6  7  8  9 10 |
---------------+-------------------------------+-----
Maces & Flails | 3 4 5 6 7 |  7.0
Armour         | 1 2 3 4 6 |  6.4
Dodging        | 3 4 5 6 7 |  7.0
Fighting       | 3 4 5 6 7 8 |  8.0
Invocations    | 2 3 4 |  4.0
Throwing       | |  1.7

Action                   |  1- 3 |  4- 6 |  7- 9 | 10-12 || total
-------------------------+-------+-------+-------+-------++-------
Melee: Flail             |    37 |       |       |       ||    37
       Whip              |    89 |   183 |   276 |    82 ||   630
Throw: Throwing net      |       |       |       |     2 ||     2
  Use: Scroll            |       |     8 |     5 |     5 ||    18
       Potion            |       |       |       |     1 ||     1
Armor: Leather armour    |    61 |    61 |    75 |    29 ||   226
Dodge: Dodged            |   106 |   118 |   204 |    77 ||   505
